 Dungeon Crawl Stone Soup version 0.19.5 (webtiles) character file.

1204 QuCean the Ruffian (level 8, -1/75 HPs)
             Began as a Troll Monk on May 3, 2017.
             Was a Priest of Trog.
             Slain by Pikel
             ... wielding a +2 whip of freezing
              (4 damage)
             ... on level 9 of the Dungeon.
             The game lasted 00:20:04 (2408 turns).

QuCean the Ruffian (Troll Monk)                     Turns: 2408, Time: 00:20:05

Health: -1/75      AC:  5    Str: 22    XL:     8   Next: 21%
Magic:  7/7        EV: 12    Int:  6    God:    Trog [***...]
Gold:   226        SH:  0    Dex: 12    Spells: 0 memorised, 7 levels left

rFire  . . .     SeeInvis .       - Unarmed
rCold  . . .     Gourm    +     a - +0 robe
rNeg   . . .     Faith    .     (no shield)
rPois  .         Spirit   .     (helmet restricted)
rElec  .         Reflect  .     (no cloak)
rCorr  .         Harm     .     (gloves unavailable)
MR     ++...                    (boots unavailable)
Stlth  ++........               (no amulet)
                                (no ring)
                                (no ring)

@: exhausted, regenerating, slowed, very slow
A: unfitting armour, claws 3, fast metabolism 3, gourmand, regeneration 1,
shaggy fur 1, tough skin 2
a: Berserk, Trog's Hand, Burn Spellbooks, Renounce Religion


You were on level 9 of the Dungeon.
You worshipped Trog.
Trog was most pleased with you.
You were full.

You visited 2 branches of the dungeon, and saw 10 of its levels.

You collected 226 gold pieces.

Inventory:

Hand Weapons
 c - a +1 dagger of venom
 d - a +0 scimitar
 j - a +0 flail
 l - a +0 flail
 m - a +0 halberd
 n - a +0 spear of venom
Armour
 a - a +0 robe (worn)
Jewellery
 t - an uncursed ring of see invisible {unknown}
Wands
 f - a wand of enslavement (5/24)
 v - a wand of acid (10/15)
Scrolls
 b - a scroll of random uselessness {unknown}
 g - 3 scrolls of remove curse
 i - a scroll of immolation
 k - a scroll of magic mapping
 p - a scroll of fog
 r - a scroll of enchant armour {unknown}
 s - a scroll of amnesia {unknown}
 w - a scroll of recharging {unknown}
 y - a scroll of noise {unknown}
Potions
 z - a potion of agility {unknown}
 A - a potion of heal wounds {unknown}
Books
 x - a book of Changes

   Spells                             Type                      Level
   a - Beastly Appendage              Transmutation                1
   b - Sticks to Snakes               Transmutation                2
   c - Spider Form                    Transmutation/Poison         3
   d - Ice Form                       Ice/Transmutation            4
   e - Blade Hands                    Transmutation                5
   Trog disapproves of the use of such an item.
Comestibles
 h - a meat ration
 u - 5 fruits


   Skills:
 + Level 3.5 Fighting
 + Level 4.9 Dodging
 + Level 1.9 Stealth
 + Level 7.9 Unarmed Combat


You had 7 spell levels left.
You didn't know any spells.

Dungeon Overview and Level Annotations

Branches:
Dungeon (9/15)             Temple (1/1) D:4
   Lair: D:8-11         Orc: D:9-12

Altars:
Ashenzari
Cheibriados
Dithmenos
Elyvilon
Fedhas
Gozag
Hepliaklqana
Kikubaaqudgha
Nemelex Xobeh
Okawaru
Qazlal
Ru
Sif Muna
Trog
Uskayaw
Vehumet
Xom
Yredelemnul
Zin
The Shining One

Annotations:
D:9 Pikel


Innate Abilities, Weirdness & Mutations

You are too large for most types of armour.
You have claws for hands.
Your metabolism is lightning-fast.
You like to eat raw meat.
Your natural rate of healing is unusually fast.
You are covered in fur. (AC +1)
You have very tough skin. (AC +2)


Message History

Aim: Pikel, wielding a whip of freezing and wearing a robe (heavily wounded)
Okay, then.
Zapping:
f - a wand of enslavement {zapped: 3} (will waste charges)
Press: ? - help, Shift-Dir - straight line, f - Pikel
Aim: Pikel, wielding a whip of freezing and wearing a robe (heavily wounded, chance to defeat MR: 46%) Pikel resists with some effort.
Evoking this partially-identified wand wasted a few charges.
Pikel hits you with a whip of freezing.
* * * LOW HITPOINT WARNING * * *
Pikel freezes you.
* * * LOW HITPOINT WARNING * * *
You scratch Pikel.
Pikel is heavily wounded.
Pikel misses you.
You scratch Pikel.
Pikel is heavily wounded.
Pikel hits you with a whip of freezing!
* * * LOW HITPOINT WARNING * * *
Pikel freezes you.
You die...

###
#..
#.#
#.#
#.#
#h#
#K#
#@#
###


You could see Pikel and a jackal.

Vanquished Creatures
  A hippogriff (D:8)
  An orc warrior (D:7)
  A phantom (D:4)
  2 slaves (D:8)
  An ogre (D:4)
  Blork the orc (D:4)
  2 bullfrogs (D:7)
  A big kobold (D:8)
  A scorpion (D:8)
  A crimson imp (D:5)
  A hound (D:8)
  2 orc priests
  3 orc wizards
  An iguana (D:5)
  A worker ant (D:4)
  4 gnolls
  7 adders
  5 dart slugs
  2 leopard geckos
  14 orcs
  3 giant cockroaches
  2 goblins (D:3)
  5 hobgoblins (D:1)
  2 quokkas (D:4)
  A ball python (D:1)
  4 bats
  4 frilled lizards
  8 kobolds
  A leopard gecko zombie (D:4)
  A quokka zombie (D:5)
  2 rats (D:1)
85 creatures vanquished.

Vanquished Creatures (collateral kills)
  An orc (D:5)
1 creature vanquished.

Grand Total: 86 creatures vanquished

Notes
Turn   | Place    | Note
-------+----------+-------------------------------------------
     0 | D:1      | QuCean the Troll Monk began the quest for the Orb.
     0 | D:1      | Reached XP level 1. HP: 22/22 MP: 0/0
    48 | D:1      | Reached XP level 2. HP: 29/29 MP: 1/1
   247 | D:1      | Reached XP level 3. HP: 23/36 MP: 2/2
   290 | D:1      | You fall through a shaft!
   482 | D:2      | Found a white marble altar of Elyvilon.
   563 | D:2      | Found an iron altar of Okawaru.
   820 | D:3      | Reached XP level 4. HP: 45/45 MP: 3/3
   870 | D:3      | Reached skill level 4 in Unarmed Combat
   981 | D:4      | Noticed a phantom
  1013 | D:4      | Killed a phantom
  1013 | D:4      | Reached XP level 5. HP: 43/53 MP: 4/4
  1124 | D:4      | Found a staircase to the Ecumenical Temple.
  1132 | Temple   | Entered the Ecumenical Temple
  1139 | Temple   | Became a worshipper of Trog the Wrathful
  1139 | Temple   | Reached * piety under Trog
  1139 | Temple   | Reached ** piety under Trog
  1174 | D:4      | Reached skill level 5 in Unarmed Combat
  1350 | D:4      | Noticed Blork the orc
  1358 | D:4      | Killed Blork the orc
  1358 | D:4      | Reached XP level 6. HP: 46/61 MP: 5/5
  1596 | D:5      | Entered Level 5 of the Dungeon
  1623 | D:5      | Reached skill level 6 in Unarmed Combat
  1674 | D:5      | Reached XP level 7. HP: 64/67 MP: 6/6
  2230 | D:7      | Noticed a hungry ghost
  2256 | D:7      | Reached skill level 7 in Unarmed Combat
  2352 | D:8      | Reached *** piety under Trog
  2373 | D:8      | Noticed a hippogriff
  2374 | D:8      | Noticed Pikel
  2380 | D:8      | Reached XP level 8. HP: 75/75 MP: 7/7
  2384 | D:8      | Killed a hippogriff
  2408 | D:9      | HP: 3/75 [Pikel/whip of freezing (7)]
  2408 | D:9      | Slain by Pikel

Skill      XL: |  1  2  3  4  5  6  7 |
---------------+----------------------+-----
Fighting       | 3 |  3.5
Dodging        | 3 4 |  4.9
Unarmed Combat | 4 5 6 7 |  7.9
Stealth        | |  1.9

Action                   |  1- 3 |  4- 6 |  7- 9 || total
-------------------------+-------+-------+-------++-------
Melee: Unarmed           |    89 |    82 |    64 ||   235
       Punch             |       |       |     2 ||     2
Invok: Berserk           |       |     1 |     3 ||     4
       Trog's Hand       |       |       |     1 ||     1
Evoke: Wand              |       |     1 |     1 ||     2
  Use: Scroll            |     2 |     2 |     2 ||     6
  Eat: Bread ration      |     1 |     2 |     3 ||     6
       Chunk             |     1 |       |     3 ||     4
Armor: Robe              |    44 |    27 |    24 ||    95
Dodge: Dodged            |    61 |    55 |    61 ||   177
